 Dungeon Crawl Stone Soup version 0.32-a0-791-gfc315c9ecd (webtiles) character file.

Game seed: 13980885156674229122

7410 Ruich the Destroyer (level 10, -4/75 (78) HPs)
             Began as a Demigod Conjurer on Mar 21, 2024.
             Slain by a spectral orc knight
             ... wielding a +0 halberd
             ... summoned by Nergalle
              (13 damage)
             ... on level 10 of the Dungeon.
             The game lasted 00:31:38 (14352 turns).

Ruich the Destroyer (Demigod Conjurer)             Turns: 14352, Time: 00:31:39

HP:   -4/75 (78)    AC:  7    Str:  8    XL:     10   Next: 61%
MP:   11/23         EV: 11    Int: 37    God:
Gold: 640           SH:  0    Dex:  7    Spells: 11/22 levels left

rFire   + . .        m - +3 dagger of Melee {protect, rC++ Int+5 Dex-5}
rCold   + + +        (no shield)
rNeg    + . .        a - +0 robe
rPois   .            s - +0 helmet
rElec   .            d - scarf {rC+ rF+}
rCorr   .            p - +1 pair of gloves
SInv    .            k - +1 pair of boots
Will    ++...        h - amulet of the acrobat
Stlth   ++           n - ring of willpower
HPRegen 0.32/turn    J - ring of positive energy
MPRegen 0.18/turn

%: acrobat
@: lightly drained
A: high MP 1, forlorn, divine attributes
a: no special abilities


You were on level 10 of the Dungeon.
You visited 1 branch of the dungeon, and saw 10 of its levels.

You collected 640 gold pieces.


Innate Abilities, Weirdness & Mutations

You have an increased reservoir of magic. (+10% MP)
You shall have no god before yourself.
Your divine heritage dramatically boosts your attributes as you level up.


   Skills:
 + Level 3.9 Fighting
 + Level 4.5 Dodging
 + Level 4.8 Stealth
 + Level 6.6 Spellcasting
 - Level 10.0 Conjurations
 - Level 5.0 Translocations
 - Level 5.0 Alchemy


You had 11 spell levels left.
You knew the following spells:

 Your Spells              Type           Power      Damage    Failure   Level
f - Fulminant Prism       Conj/Alch      30%        3d16      1%          4
i - Iskenderun's Mystic   Conj/Tloc      61%        2d13      1%          4
m - Magic Dart            Conj           100%       1d8       1%          1
s - Searing Ray           Conj           100%       2d8       1%          2

Your spell library contained the following spells:

 Spells                   Type           Power      Damage    Failure   Level


Inventory:

Hand Weapons
 m - the +3 dagger of Melee (weapon) {protect, rC++ Int+5 Dex-5}
   (You took it off a kobold brigand on level 6 of the Dungeon)

   Int+5:     It affects your intelligence (+5).
   Dex-5:     It affects your dexterity (-5).
   rC++:      It greatly protects you from cold.
Missiles
 K - a curare-tipped dart {=f}
Armour
 a - a +0 robe (worn)
 d - a scarf of resistance (worn)
 k - a +1 pair of boots (worn)
 p - a +1 pair of gloves (worn)
 s - a +0 helmet (worn)
Magical Staves
 v - a staff of cold {!a}
Jewellery
 h - an amulet of the acrobat (around neck)
 n - a ring of willpower (left hand)
 y - an amulet of regeneration
 J - a ring of positive energy (right hand)
Wands
 g - a wand of light (13)
 j - a wand of roots (21)
 r - a wand of flame (32)
 A - a wand of paralysis (8)
 D - a wand of polymorph (16)
Scrolls
 o - a scroll of teleportation {@r2}
 t - 2 scrolls of immolation
 B - a scroll of blinking
 E - a scroll of revelation
 G - a scroll of fear
Potions
 b - a potion of magic
 c - 7 potions of curing {@q1}
 e - 5 potions of might
 f - 3 potions of cancellation
 i - a potion of heal wounds {unknown}
 l - 2 potions of resistance
 q - a potion of haste {@q3}
 u - a potion of berserk rage {unknown}
 w - a potion of ambrosia {unknown}
 x - a potion of attraction
 z - a potion of enlightenment {unknown}
 F - a potion of invisibility
 I - 2 potions of mutation
 L - a potion of brilliance {unknown}

Dungeon Overview and Level Annotations

Branches:
Dungeon (10/15) Zot: 26745  Temple (0/1) D:6            Lair (0/5) D:9
    Orc: D:9-12

Shops:
D:9 (

Annotations:
D:10 Nergalle

## ..####. ##### ####
.......#####...##...#
.......@[............
...#..Z..Z...........
#...Z..)..........
#.......))..<.......
#.....o✱............
##.................#
........[........#..
##..................
...................


You could see Nergalle, 3 spectral orc knights and a friendly fulminant prism.


Message History

The blast of energy engulfs Nergalle!!
Nergalle is heavily wounded.
The blast of energy engulfs the spectral orc knight!!
The spectral orc knight is heavily damaged.
You hear two shouts!
You hear a shout! x3
There is a stone staircase leading up, spattered with blood here.
Unknown command.
Unknown command.
Aiming: Bolt of Light
Press: ? - help, Shift-Dir - straight line, f - Nergalle
Aim: Nergalle, wielding a +0 dagger and wearing a +0 robe (heavily wounded, ally target, 68% to hit)
Out of range.
Okay, then.
Unknown command.
Casting: Fulminant Prism (dangerous; 1% risk of failure)
Confirm with . or Enter, or press ? or * to list all spells.
Aiming: Fulminant Prism (dangerous; 1% risk of failure)
Press: ? - help, Dir - move target You conjure a prism of explosive energy!
A fulminant prism comes into view.
* * * LOW HITPOINT WARNING * * *
x2 You partially resist.
You feel drained.
Your fulminant prism explodes!
You hear an angry buzzing noise.
You hear a shout!
You hear an angry buzzing noise.
Unknown command.
The spectral orc knight closely misses you.
Your fulminant prism crackles loudly.
* * * LOW HITPOINT WARNING * * *
You die...

Skill      XL: |  1  2  3  4  5  6  7  8  9 10 |
---------------+-------------------------------+-----
Spellcasting   | 2 3 4 5 6 |  6.6
Conjurations   | 4 5 6 7 8 9 10 | 10.0
Alchemy        | 1 3 4 5 |  5.0
Translocations | 2 3 4 5 |  5.0
Dodging        | 3 4 |  4.5
Stealth        | 3 4 |  4.8
Fighting       | 2 3 |  3.9

Action                     |  1- 3 |  4- 6 |  7- 9 | 10-12 || total
---------------------------+-------+-------+-------+-------++-------
  Melee: Dagger            |       |       |     4 |    21 ||    25
   Cast: Magic Dart        |    74 |    78 |   249 |    25 ||   426
         Searing Ray       |     3 |    14 |    14 |     1 ||    32
         Fulminant Prism   |       |       |    54 |    21 ||    75
         Iskenderun's Myst |       |       |    21 |    24 ||    45
  Evoke: Wand              |       |     2 |     4 |     3 ||     9
    Use: Scroll            |     1 |     7 |     9 |     4 ||    21
         Potion            |       |       |     1 |       ||     1
 Armour: Robe              |     5 |     4 |    57 |    45 ||   111
         Skin              |       |       |       |     1 ||     1
  Dodge: Dodged            |     1 |    18 |    69 |    67 ||   155

Levels and vault maps discovered:
D:1:      onia_arrival_mini_spirals, layout_loops_ring, serial_co_window_serial,
          co_window_paths_a, co_window_corner_a, co_window_corner_a,
          co_window_cross_1, co_window_paths_b, co_window_paths_a,
          co_window_corner_a, co_window_broadway_c, co_window_paths_c,
          co_window_cross_3, co_window_unsneaky_path_a, co_window_cross_2,
          glass_columns_a, glass_columns_a
D:2:      layout_rooms
D:3:      minmay_bubble_buster, layout_rooms,
          hellmonk_ecumenical_altar_arch_garden, st_stairs_4, hex_large,
          minmay_vboxes
D:4:      layout_basic, mainiacjoe_overflow_six_doors_small, serial_aquarium,
          aquarium_bridge_square [aquarium_subvault_wall,
          aquarium_subvault_bridge, aquarium_subvault_balcony,
          aquarium_subvault_bridge], aquarium_window_1, aquarium_window_3,
          aquarium_window_fake, aquarium_view_2d, aquarium_balcony_double_4,
          aquarium_pool_2, chequers_decorated_corner, kennysheep_doodads,
          minmay_quantized
D:5:      layout_basic, lemuel_round_altar, minmay_checkerbox,
          uniq_prince_ribbit1
D:6:      minmay_goblin_kobold_castle, layout_basic, overflow_temple_1_default,
          nicolae_dithmenos_through_a_glass_darkly, temple_statues,
          hangedman_decor_peaks_small, kennysheep_generic_room_7, uniq_grinder
D:7:      layout_basic
D:8:      layout_gridville, nicolae_hepliaklqana_monster_ancestors,
          marbit_many_paths
D:9:      layout_long_grid, dpeg_oklobed_lair, serial_shops, shop,
          serial_bayou_pond_d
D:10:     layout_rooms, david_orc_5, nicolae_shop_i_like_big_books,
          uniq_nergalle, uniq_snorg, uniq_sonja

Notes
Turn   | Place    | Note
-------+----------+-------------------------------------------
     0 | D:1      | Ruich the Demigod Conjurer began the quest for the Orb.
     0 | D:1      | Reached XP level 1. HP: 14/14 MP: 5/5
   286 | D:1      | Identified a scarf of resistance
   429 | D:1      | Reached skill level 2 in Spellcasting
   586 | D:1      | Reached skill level 4 in Conjurations
   586 | D:1      | Reached XP level 2. HP: 18/20 MP: 4/7
   589 | D:1      | Learned a level 2 spell: Searing Ray
  1498 | D:2      | Reached XP level 3. HP: 26/26 MP: 0/9
  2224 | D:2      | Reached XP level 4. HP: 33/33 MP: 5/10
  2567 | D:3      | Reached skill level 5 in Conjurations
  2864 | D:3      | Reached skill level 3 in Spellcasting
  2864 | D:3      | Reached XP level 5. HP: 38/38 MP: 7/12
  2874 | D:3      | Learned a level 4 spell: Fulminant Prism
  3167 | D:3      | Reached skill level 1 in Alchemy
  3943 | D:3      | Reached XP level 6. HP: 45/45 MP: 9/14
  3948 | D:3      | Learned a level 4 spell: Iskenderun's Mystic Blast
  4345 | D:4      | Reached skill level 2 in Alchemy
  4354 | D:4      | Noticed a wyvern
  4369 | D:4      | Killed a wyvern
  4370 | D:4      | Reached skill level 6 in Conjurations
  4370 | D:4      | Reached skill level 3 in Alchemy
  4502 | D:4      | Reached XP level 7. HP: 50/50 MP: 8/16
  4862 | D:4      | Reached skill level 4 in Spellcasting
  4862 | D:4      | Reached skill level 1 in Translocations
  6000 | D:5      | Entered Level 5 of the Dungeon
  6094 | D:5      | Reached skill level 2 in Translocations
  6230 | D:5      | Noticed Prince Ribbit
  6243 | D:5      | Killed Prince Ribbit
  6244 | D:5      | Reached skill level 7 in Conjurations
  6244 | D:5      | Reached skill level 4 in Alchemy
  6244 | D:5      | Reached XP level 8. HP: 50/57 MP: 1/18
  6785 | D:5      | Reached skill level 3 in Translocations
  6930 | D:5      | You fall into a shaft and drop 3 floors!
  7264 | D:5      | Reached skill level 5 in Spellcasting
  7716 | D:6      | Identified 2 potions of resistance
  7746 | D:6      | Reached skill level 8 in Conjurations
  8223 | D:6      | Reached skill level 5 in Alchemy
  8458 | D:6      | Reached XP level 9. HP: 62/62 MP: 11/20
  8796 | D:6      | Reached skill level 4 in Translocations
  8954 | D:6      | Identified the +3 dagger of Melee {protect, rC++ Int+5
                  | Dex-5}
  9168 | D:6      | Noticed Grinder
  9172 | D:6      | Killed Grinder
  9173 | D:6      | Reached skill level 2 in Dodging
  9173 | D:6      | Reached skill level 2 in Stealth
  9197 | D:6      | Reached skill level 1 in Fighting
 10389 | D:6      | Found a staircase to the Ecumenical Temple.
 10652 | D:7      | Reached skill level 9 in Conjurations
 10909 | D:7      | Reached skill level 2 in Fighting
 10909 | D:7      | Reached skill level 3 in Dodging
 10909 | D:7      | Reached skill level 3 in Stealth
 11706 | D:8      | Reached XP level 10. HP: 74/74 MP: 6/22
 11707 | D:8      | Reached skill level 6 in Spellcasting
 11876 | D:8      | Reached skill level 5 in Translocations
 12789 | D:9      | Reached skill level 3 in Fighting
 12973 | D:9      | Found a staircase to the Lair.
 13047 | D:9      | Reached skill level 4 in Stealth
 13401 | D:9      | Reached skill level 4 in Dodging
 13404 | D:9      | Reached skill level 10 in Conjurations
 13568 | D:9      | Found Bouhapt's Weapon Shop.
 14100 | D:10     | Entered Level 10 of the Dungeon
 14100 | D:10     | Noticed Snorg
 14128 | D:10     | Killed Snorg
 14128 | D:10     | Noticed Nergalle
 14352 | D:10     | Slain by a spectral orc knight

Vanquished Creatures
  Snorg (D:10)
  Grinder (D:6)
  Prince Ribbit (D:5)
  A wyvern (D:4)
  7 yaks
  A wraith (D:9)
  An acid dragon (D:9)
  3 water moccasins
  2 ice beasts
  A sky beast (D:7)
  An orc warrior (D:8)
  7 ogres
  3 centaurs
  6 kobold brigands
  2 bullfrogs (D:8)
  A gnoll sergeant (D:6)
  5 scorpions
  14 wights
  4 killer bees (D:8)
  5 electric eels (D:6)
  4 bombardier beetles
  5 hounds
  3 jellies (D:5)
  2 orc priests (D:9)
  3 gnoll boudas
  5 iguanas
  2 sleepcaps
  3 orc wizards
  12 adders
  32 gnolls
  A shadow imp (D:7)
  A white imp (D:8)
  4 ufetubi (D:6)
  7 dart slugs
  3 ribbon worms
  27 orcs
  2 endoplasms
  5 giant cockroaches
  8 goblins
  12 hobgoblins
  4 jackals
  58 kobolds
  4 quokkas
  9 ball pythons
  11 bats
  2 frilled lizards (D:3)
  3 rats
  A spectral orc (D:8)
300 creatures vanquished.

Vanquished Creatures (others)
  74 fulminant prisms
74 creatures vanquished.

Grand Total: 374 creatures vanquished

Table legend: (Time is in decaauts)
 A = Elapsed time spent in this place.
 B = Non-inter-level travel time spent in this place.
 C = Inter-level travel time spent in this place.
 D = Time resting spent in this place.
 E = Time spent auto-exploring this place.
 F = Levels seen in this place.
 G = Mean time per level.
                   A        B        C        D        E       F      G
               +--------+--------+--------+--------+--------+-----+--------+
         Total |  14362 |  13880 |    482 |   5475 |   6462 |  10 | 1436.2 |
       Dungeon |  14362 |  13880 |    482 |   5475 |   6462 |  10 | 1436.2 |
               +--------+--------+--------+--------+--------+-----+--------+

Top non-repeatable levels by time:
     D:6: 2865 daAuts
     D:5: 1860 daAuts
     D:4: 1743 daAuts
     D:3: 1691 daAuts
     D:9: 1500 daAuts
     D:1: 1418 daAuts
     D:8: 1159 daAuts
     D:2: 1146 daAuts
     D:7: 952 daAuts
    D:10: 23 daAuts

Table legend:
 A = Non-vault XP
 B = Vault XP
 C = Vault XP percentage of total XP
 D = Non-vault monster count
 E = Vault monster count
 F = Vault count percentage of total count
                 A         B        C        D         E       F
            +---------+---------+-------+---------+---------+-------
      Total |    7998 |    2588 |  24.4 |     214 |      86 |  28.7
            +---------+---------+-------+---------+---------+-------
        D:1 |      24 |       0 |   0.0 |      14 |       0 |   0.0
        D:2 |     122 |       0 |   0.0 |      26 |       0 |   0.0
        D:3 |     204 |     103 |  33.6 |      22 |      18 |  45.0
        D:4 |     757 |      17 |   2.2 |      21 |       3 |  12.5
        D:5 |     873 |     540 |  38.2 |      26 |       5 |  16.1
        D:6 |     968 |     875 |  47.5 |      28 |      56 |  66.7
        D:7 |    1608 |       0 |   0.0 |      24 |       0 |   0.0
        D:8 |    1491 |      97 |   6.1 |      20 |       3 |  13.0
        D:9 |    1853 |       0 |   0.0 |      28 |       0 |   0.0
       D:10 |      98 |     956 |  90.7 |       5 |       1 |  16.7
            +---------+---------+-------+---------+---------+-------
